 Dungeon Crawl Stone Soup version 0.31-a0-1074-g0b22e4e0f1 (webtiles) character file.

Game seed: 457475779412716579

176 promet the Trooper (level 5, 0/47 HPs)
             Began as a Gnoll Wanderer on Nov 28, 2023.
             Slain by an Executioner (7 damage)
             ... on level 1 of the Abyss.
             The game lasted 00:10:49 (2441 turns).

promet the Trooper (Gnoll Wanderer)                 Turns: 2441, Time: 00:10:50

Health: 0/47       AC:  4    Str: 11    XL:     5   Next: 56%
Magic:  9/9        EV: 11    Int: 11    God:
Gold:   861        SH:  0    Dex: 14    Spells: 9/10 levels left

rFire   . . .        a - +1 hand axe (drain)
rCold   . . .        (no shield)
rNeg    . . .        d - +0 leather armour
rPois   .            (no helmet)
rElec   .            (no cloak)
rCorr   .            b - +0 pair of gloves
SInv    .            (no boots)
Will    .....        (no amulet)
Stlth   ++           (no ring)
HPRegen 0.27/turn    (no ring)
MPRegen 0.11/turn

%: no passive effects
@: no status effects
A: fangs 1, strong nose, distributed training
a: no special abilities


You were on level 1 of the Abyss.
You visited 1 branch of the dungeon, and saw 3 of its levels.
You visited the Abyss 1 time.

You collected 861 gold pieces.

Inventory:

Hand Weapons
 a - a +1 hand axe of draining (weapon)
 m - a +0 antimagic dagger
 n - a +0 spear
Missiles
 h - 6 boomerangs
 l - 6 datura-tipped darts (quivered)
Armour
 b - a +0 pair of gloves (worn)
 d - a +0 leather armour (worn)
Magical Staves
 k - a staff of earth
Jewellery
 e - a +6 ring of intelligence
Scrolls
 c - 2 scrolls of fear
 g - a scroll of blinking {unknown}
 i - a scroll of identify
 j - a scroll of brand weapon
 o - a scroll of teleportation


   Skills:
 + Level 6.7 Fighting
 + Level 1.6 Short Blades
 + Level 1.6 Long Blades
 + Level 3.0 Axes
 + Level 1.6 Maces & Flails
 + Level 1.6 Polearms
 + Level 1.6 Staves
 + Level 1.6 Ranged Weapons
 + Level 1.6 Throwing
 + Level 1.6 Armour
 + Level 1.6 Dodging
 + Level 4.4 Stealth
 + Level 1.6 Shields
 + Level 1.6 Unarmed Combat
 + Level 3.2 Spellcasting
 + Level 1.2 Conjurations
 + Level 1.2 Hexes
 + Level 1.2 Summonings
 + Level 1.2 Necromancy
 + Level 1.2 Translocations
 + Level 1.2 Transmutations
 + Level 1.2 Fire Magic
 + Level 5.5 Ice Magic
 + Level 1.2 Air Magic
 + Level 1.2 Earth Magic
 + Level 1.2 Poison Magic
 + Level 1.8 Invocations
 + Level 1.6 Evocations
 + Level 1.4 Shapeshifting


You had 9 spell levels left.
You knew the following spells:

 Your Spells              Type           Power      Damage    Failure   Level
a - Freeze                Ice            56%        1d7       3%          1

Your spell library contained the following spells:

 Spells                   Type           Power      Damage    Failure   Level
 Foxfire                  Conj/Fire      16%        2x1d4     21%         1
 Hailstorm                Conj/Ice       9%         3d4       26%         3
 Teleport Other           Tloc           4%         N/A       52%         3
 Summon Ice Beast         Ice/Summ       9%         N/A       63%         4
 Dimensional Bullseye     Hex/Tloc       2%         N/A       89%         4


Dungeon Overview and Level Annotations

Branches:
Dungeon (3/15)

Altars:


Innate Abilities, Weirdness & Mutations

You have very sharp teeth.
Your uncanny sense of smell can sniff out nearby items.
Your experience applies equally to all skills.


Message History

The kobold is moderately wounded.
The kobold hits you with a +0 dagger.
The gnoll hits you from afar with a +2 spear of distortion.
Space warps around you.
You hit the kobold.
You kill the kobold!
The gnoll completely misses you.
It was a potion of ambrosia.
You are confused.
You feel invigorated.
The gnoll hits you from afar with a +2 spear of distortion.
Space warps around you. The gnoll barely misses you. x2
Things that are here:
a +0 dagger; a kobold corpse; a frilled lizard corpse You bump into the rock wall.
The gnoll closely misses you. The gnoll barely misses you.
You bump into the rock wall.
You feel less invigorated.
You feel less confused. The gnoll closely misses you.
The gnoll hits you with a +2 spear of distortion.
Space warps around you.
You closely miss the gnoll. The gnoll barely misses you.
The gnoll hits you with a +2 spear of distortion.
You are cast into the Abyss!
This branch contains the abyssal rune of Zot.
There is an open door here.
An Executioner comes into view.
Found a gateway leading deeper into the Abyss.
The Executioner gives a hideous shriek!
The Executioner gestures.
The Executioner seems to speed up.
The Executioner hits you. x2; The Executioner misses you.
The Executioner hits you! The Executioner hits you. x2
* * * LOW HITPOINT WARNING * * *
There is a gateway leading deeper into the Abyss, spattered with blood here.
The Executioner hits you.
* * * LOW HITPOINT WARNING * * *
The Executioner closely misses you. The Executioner hits you!
You die...

# #### #.##### ...###
####..# #...#... # #
.. ....... .. ....#.
................#..
#...........###..# ...
........#.#.#
............##..##
..............1@.#
..#..#.'##...........#
1 #####.##..#...######
#.##....#.# #
##......# #.##..##...
#.....# ...#
###.........


You could see an Executioner (fast).

Vanquished Creatures
  Robin (D:3)
  3 gnolls (D:3)
  3 adders
  A white imp (D:3)
  A dart slug (D:2)
  An orc (D:2)
  7 ball pythons
  5 bats
  3 endoplasms
  4 giant cockroaches
  8 goblins (D:3)
  7 hobgoblins
  4 jackals (D:2)
  6 kobolds
  3 quokkas
  2 frilled lizards
  4 rats
63 creatures vanquished.

Vanquished Creatures (collateral kills)
  3 gnolls (D:3)
3 creatures vanquished.

Grand Total: 66 creatures vanquished

Notes
Turn   | Place    | Note
-------+----------+-------------------------------------------
     0 | D:1      | promet the Gnoll Wanderer began the quest for the Orb.
     0 | D:1      | promet set off with the following items: a +0 hand axe, a
                  | +0 pair of gloves, a scroll of fear, a +0 leather armour;
                  | and the following spell memorised: Freeze; and the
                  | following spells available to memorise: Hailstorm, Summon
                  | Ice Beast.
     0 | D:1      | Reached XP level 1. HP: 23/23 MP: 4/4
     3 | D:1      | Noticed an electric eel
   151 | D:1      | Reached XP level 2. HP: 29/29 MP: 5/5
   206 | D:1      | Got the Grimoire of Coordinates and Anthracomancy
   275 | D:1      | Found a faded altar of an unknown god.
   332 | D:1      | You fall into a shaft and drop 1 floor!
   388 | D:2      | Reached XP level 3. HP: 35/35 MP: 7/7
   567 | D:2      | Reached skill level 1 in Invocations
   978 | D:2      | Reached skill level 1 in Short Blades
   978 | D:2      | Reached skill level 1 in Long Blades
   978 | D:2      | Reached skill level 1 in Maces & Flails
   978 | D:2      | Reached skill level 1 in Polearms
   978 | D:2      | Reached skill level 1 in Staves
   978 | D:2      | Reached skill level 1 in Ranged Weapons
   978 | D:2      | Reached skill level 1 in Throwing
   978 | D:2      | Reached skill level 1 in Armour
   978 | D:2      | Reached skill level 1 in Dodging
   978 | D:2      | Reached skill level 1 in Shields
   978 | D:2      | Reached skill level 1 in Unarmed Combat
   978 | D:2      | Reached skill level 1 in Evocations
   983 | D:2      | Reached XP level 4. HP: 40/41 MP: 8/8
  1050 | D:2      | Reached skill level 1 in Shapeshifting
  1171 | D:3      | Identified a scroll of acquirement
  1171 | D:3      | Acquired 741 gold pieces
  1221 | D:3      | Noticed Robin
  1245 | D:3      | Reached skill level 1 in Conjurations
  1245 | D:3      | Reached skill level 1 in Hexes
  1245 | D:3      | Reached skill level 1 in Summonings
  1245 | D:3      | Reached skill level 1 in Necromancy
  1245 | D:3      | Reached skill level 1 in Translocations
  1245 | D:3      | Reached skill level 1 in Transmutations
  1245 | D:3      | Reached skill level 1 in Fire Magic
  1245 | D:3      | Reached skill level 1 in Air Magic
  1245 | D:3      | Reached skill level 1 in Earth Magic
  1245 | D:3      | Reached skill level 1 in Poison Magic
  1254 | D:3      | Killed Robin
  1600 | D:3      | HP: 1/41 [white imp/puff of frost (4)]
  1942 | D:3      | Reached XP level 5. HP: 37/47 MP: 9/9
  2404 | Abyss:1  | Cast into level 1 of the Abyss (gnoll)
  2432 | Abyss:1  | Noticed an Executioner
  2441 | Abyss:1  | Slain by an Executioner

Illustrated notes

Levels and vault maps discovered:
D:1:      arrival_aquarium_b, layout_loops_ring, serial_bayou,
          serial_bayou_pond_e, serial_bayou_lagoon_b, serial_bayou_lake_a,
          serial_bayou_pond_c, serial_bayou_pond_d,
          shapermc_ecumenical_altar_flowoftime, minmay_misc_feat_enclosed
D:2:      layout_basic, minmay_pentomino_x2
D:3:      layout_basic, chequers_garden, nicolae_grassy_gnolls, uniq_robin
Abyss:1:  base: Temple, spicy_abyss_helpful_harpoons

Skill      XL: |  1  2  3  4  5 |
---------------+----------------+-----
Invocations    | 1 |  1.8
Short Blades   | 1 |  1.6
Long Blades    | 1 |  1.6
Maces & Flails | 1 |  1.6
Polearms       | 1 |  1.6
Staves         | 1 |  1.6
Ranged Weapons | 1 |  1.6
Throwing       | 1 |  1.6
Armour         | 1 |  1.6
Dodging        | 1 |  1.6
Shields        | 1 |  1.6
Unarmed Combat | 1 |  1.6
Evocations     | 1 |  1.6
Shapeshifting  | 1 |  1.4
Spellcasting   | 3 |  3.2
Conjurations   | 1 |  1.2
Hexes          | 1 |  1.2
Summonings     | 1 |  1.2
Necromancy     | 1 |  1.2
Translocations | 1 |  1.2
Transmutations | 1 |  1.2
Fire Magic     | 1 |  1.2
Air Magic      | 1 |  1.2
Earth Magic    | 1 |  1.2
Poison Magic   | 1 |  1.2
Axes           | 3 |  3.0
Fighting       | |  6.7
Stealth        | |  4.4
Ice Magic      | |  5.5

Action                     |  1- 3 |  4- 6 || total
---------------------------+-------+-------++-------
  Melee: Hand axe          |    83 |    86 ||   169
         Bite              |    11 |     6 ||    17
         Punch             |       |     2 ||     2
  Throw: Boomerang         |       |     4 ||     4
         Dart              |       |     1 ||     1
    Use: Scroll            |     3 |     4 ||     7
         Potion            |       |     2 ||     2
   Stab: Sleeping          |     6 |     1 ||     7
 Armour: Leather armour    |    51 |    70 ||   121
  Dodge: Dodged            |    63 |    56 ||   119

Table legend: (Time is in decaauts)
 A = Elapsed time spent in this place.
 B = Non-inter-level travel time spent in this place.
 C = Inter-level travel time spent in this place.
 D = Time resting spent in this place.
 E = Time spent auto-exploring this place.
 F = Levels seen in this place.
 G = Mean time per level.
                   A        B        C        D        E       F      G
               +--------+--------+--------+--------+--------+-----+--------+
         Total |   2485 |   2417 |     68 |    604 |    697 |   4 |  621.2 |
       Dungeon |   2448 |   2380 |     68 |    604 |    675 |   3 |  816.0 |
         Abyss |     36 |     36 |      0 |      0 |     22 |   1 |   36.0 |
               +--------+--------+--------+--------+--------+-----+--------+

Top non-repeatable levels by time:
     D:3: 1288 daAuts
     D:2: 809 daAuts
     D:1: 350 daAuts
 Abyss:1: 36 daAuts
